Map: Emerald City LE

Players

GeneralMaud

  • Race: Terran Terran
  • League: Diamond
  • Spawn Location: 11:00

TheRedDuke

  • Race: Protoss Protoss
  • Spawn Location: 11:00

Massa - Winner!

  • Race: Terran Terran
  • League: Platinum
  • Spawn Location: 5:00

qqq - Winner!

  • Race: Zerg Zerg
  • League: Platinum
  • Spawn Location: 5:00

VOD

Have the link to the VOD?

Description

Time

  • Played on: Nov. 25, 2020, 3:39 p.m.
  • Length: 13:50
Show
View Real Time Build Order
Export as new Build Order

GeneralMaud Terran 

Build Orders: 1/1/1, Banshee Rush 

Get SALT Encoding   

  12  0:01  SCV  
  13  0:13  SCV  
  14  0:19  Supply Depot  
  14  0:25  SCV  
  15  0:35  Refinery  
  16  0:46  Barracks  
  16  0:48  SCV  
  16  0:57  Refinery  
  16  1:00  SCV  
  17  1:12  SCV  
  18  1:24  SCV  
  19  1:36  SCV  
  19  1:39  Factory  
  20  1:49  Orbital Command  
  20  1:53  Supply Depot  
  20  1:58  Reaper  
  21  2:23  Starport  
  21  2:26  Starport  
  21  2:41  SCV  
  22  2:46  Factory Tech Lab  
  22  2:53  SCV  
  23  3:08  SCV  
  23  3:11  Starport Tech Lab  
  24  3:20  Cloaking Field  
  24  3:21  Banshee  
  24  3:24  SCV  
  28  3:39  Banshee  
  31  3:56  SCV, Command Center  
  31  4:06  Banshee  
  35  4:17  SCV  
  35  4:29  SCV  
  35  4:32  Banshee  
  38  5:11  Banshee  
  38  5:49  Banshee  
  41  5:52  Supply Depot  
  41  5:54  Banshee, Supply Depot  
  44  6:13  SCV  
  45  6:28  Command Center  
  45  6:31  Banshee  
  45  6:37  Banshee  
  42  6:45  SCV  
  40  6:51  Factory Reactor  
  40  7:07  SCV  
  41  7:12  Command Center  
  41  7:14  Banshee  
  44  7:19  SCV  
  44  7:20  Viking  
  47  7:32  SCV  
  48  7:38  Supply Depot  
  48  7:40  Supply Depot  
  48  7:43  Armory  
  48  7:44  SCV  
  46  7:49  Viking  
  48  8:01  SCV  
  48  8:04  Refinery  
  50  8:07  Refinery  
  50  8:08  Orbital Command  
  49  8:13  Widow Mine x2, SCV  
  49  8:14  Engineering Bay  
  54  8:25  SCV  
  55  8:27  Refinery  
  55  8:30  SCV  
  56  8:34  Widow Mine x2  
  56  8:38  SCV  
  61  8:42  SCV  
  61  8:43  SCV  
  61  8:47  Viking x2  
  67  8:50  Starport, SCV  
  67  8:51  Starport  
  67  8:53  Terran Ship Weapons Level 1  
  67  8:54  SCV  
  67  8:55  SCV, Armory  
  70  9:02  SCV  
  71  9:04  Refinery  
  71  9:07  SCV x2  
  73  9:19  Orbital Command  
  73  9:24  Missile Turret  
  73  9:26  SCV x2  
  73  9:27  Missile Turret  
  73  9:30  Starport Tech Lab  
  75  9:31  Starport Reactor  
  75  9:33  Starport  
  75  9:34  Starport  
  75  9:38  SCV x2  
  75  9:40  Widow Mine  
  75  9:41  Widow Mine  
  81  9:46  SCV  
  81  9:50  SCV  
  81  9:51  SCV  
  84  9:55  Missile Turret  
  84  9:58  SCV  
  85  10:02  Widow Mine x2  
  85  10:03  SCV x2  
  91  10:08  Missile Turret  
  91  10:10  SCV  
  92  10:15  SCV x2  
  92  10:17  Viking x4  
  104  10:26  Starport Reactor  
  102  10:38  SCV x3  
  105  10:50  SCV x3  
  106  11:02  SCV  
  87  11:07  Viking  
  87  11:08  Viking x7  
  101  11:17  SCV x3  
  100  11:29  SCV x2  
  102  11:37  Viking  
  102  11:38  Terran Vehicle And Ship Armor Level 1, Viking x2  
  108  11:42  Starport Reactor  
  108  11:50  Viking  
  108  11:51  Viking x3  
  116  11:57  Supply Depot  
  116  12:07  Viking  
  118  12:15  Viking x2  
  122  12:19  Supply Depot  
  122  12:20  Viking x3  
  122  12:21  Viking x3  
  125  12:52  Viking x3  
  125  12:53  Viking x3  
Show
View Real Time Build Order
Export as new Build Order

TheRedDuke Protoss 

Build Orders: Phoenix Opening, Carriers 

Get SALT Encoding   

  12  0:00  Probe  
  13  0:17  Pylon  
  13  0:19  Probe  
  14  0:32  Probe (Chrono Boost)  
  15  0:40  Forge  
  15  0:44  Probe (Chrono Boost)  
  16  0:55  Assimilator  
  16  0:57  Probe (Chrono Boost)  
  16  0:59  Assimilator  
  17  1:17  Gateway  
  16  1:19  Pylon  
  16  1:20  Probe (Chrono Boost)  
  17  1:31  Probe (Chrono Boost)  
  18  1:35  Probe (Chrono Boost)  
  19  1:46  Probe  
  20  1:58  Probe  
  21  2:04  Cybernetics Core  
  21  2:10  Probe  
  22  2:22  Probe  
  23  2:35  Probe  
  24  2:45  Nexus  
  24  2:47  Probe  
  25  2:52  Stargate  
  25  2:58  Pylon  
  25  3:04  Stalker (Chrono Boost)  
  25  3:08  Probe  
  28  3:20  Probe, Shield Battery  
  30  3:34  Probe  
  30  3:37  Photon Cannon  
  30  3:40  Phoenix  
  32  3:46  Probe  
  33  3:58  Probe x2 (Chrono Boost)  
  35  4:08  Probe (Chrono Boost)  
  36  4:13  Probe (Chrono Boost)  
  37  4:26  Pylon  
  37  4:27  Stalker (Chrono Boost)  
  37  4:28  Probe, Photon Cannon  
  40  4:32  Pylon  
  40  5:05  Fleet Beacon  
  40  5:06  Probe  
  41  5:13  Probe  
  42  5:16  Nexus  
  42  5:17  Assimilator  
  42  5:18  Probe  
  42  5:20  Assimilator  
  43  5:21  Assimilator  
  43  5:25  Assimilator  
  43  5:26  Void Ray (Chrono Boost)  
  43  5:30  Pylon  
  43  5:33  Probe, Pylon  
  48  5:36  Probe  
  49  5:45  Probe  
  50  5:51  Shield Battery  
  50  5:54  Photon Cannon  
  50  5:57  Photon Cannon  
  50  5:58  Probe  
  51  6:10  Probe  
  52  6:12  Photon Cannon  
  52  6:13  Shield Battery  
  52  6:17  Probe  
  53  6:23  Probe (Chrono Boost)  
  54  6:29  Probe (Chrono Boost)  
  54  6:30  Probe (Chrono Boost), Protoss Air Weapons Level 1 (Chrono Boost)  
  56  6:35  Probe (Chrono Boost)  
  56  6:39  Probe x2 (Chrono Boost), Cybernetics Core  
  59  6:40  Probe (Chrono Boost)  
  59  6:44  Probe x2 (Chrono Boost)  
  62  6:47  Shield Battery  
  62  6:48  Probe  
  62  6:49  Pylon  
  63  6:57  Probe x2  
  63  7:00  Probe  
  66  7:09  Probe x2, Stargate  
  66  7:11  Pylon  
  66  7:12  Probe  
  69  7:17  Carrier  
  69  7:21  Probe  
  76  7:23  Probe  
  76  7:27  Probe  
  78  7:30  Protoss Air Armor Level 1 (Chrono Boost)  
  78  7:33  Probe (Chrono Boost)  
  78  7:36  Pylon  
  80  7:39  Pylon  
  80  7:40  Probe (Chrono Boost), Pylon  
  82  7:45  Probe (Chrono Boost)  
  82  7:46  Probe (Chrono Boost)  
  83  7:51  Probe (Chrono Boost)  
  83  7:53  Probe (Chrono Boost)  
  84  7:59  Photon Cannon  
  84  8:02  Shield Battery  
  84  8:03  Probe  
  84  8:04  Probe x2  
  84  8:05  Photon Cannon  
  87  8:07  Photon Cannon  
  87  8:09  Pylon  
  87  8:10  Shield Battery  
  87  8:13  Photon Cannon, Shield Battery  
  87  8:15  Probe, Photon Cannon  
  87  8:16  Probe  
  87  8:17  Photon Cannon  
  87  8:18  Probe  
  90  8:26  Protoss Shields Level 1  
  90  8:30  Probe  
  91  8:36  Protoss Air Weapons Level 2 (Chrono Boost)  
  91  8:37  Probe  
  92  8:44  Probe  
  93  8:51  Probe  
  93  8:52  Probe  
  95  8:56  Probe, Carrier (Chrono Boost)  
  95  9:00  Nexus  
  102  9:03  Assimilator  
  102  9:04  Probe  
  102  9:05  Probe, Assimilator  
  102  9:09  Pylon  
  104  9:10  Pylon  
  104  9:12  Pylon  
  104  9:14  Probe  
  104  9:15  Pylon  
  105  9:18  Carrier  
  111  9:30  Shield Battery  
  111  9:31  Shield Battery  
  111  9:33  Protoss Air Armor Level 2 (Chrono Boost), Shield Battery  
  111  9:35  Photon Cannon  
  111  9:37  Photon Cannon  
  111  9:39  Photon Cannon  
  111  9:42  Probe, Shield Battery  
  111  9:44  Probe x2, Photon Cannon  
  114  9:47  Shield Battery  
  114  9:55  Stargate  
  114  9:58  Stargate  
  114  9:59  Stargate  
  114  10:08  Probe x3  
  117  10:20  Probe  
  118  10:27  Twilight Council  
  112  10:30  Probe  
  113  10:46  Photon Cannon  
  97  11:14  Carrier x2 (Chrono Boost)  
  97  11:16  Carrier (Chrono Boost)  
  109  11:30  Carrier (Chrono Boost)  
  109  11:31  Carrier (Chrono Boost)  
  109  12:08  Carrier x2 (Chrono Boost)  
  127  12:17  Carrier (Chrono Boost)  
  127  12:22  Carrier x2 (Chrono Boost)  
Show
View Real Time Build Order
Export as new Build Order

Massa Terran - Winner!

Build Orders: Reaper Expand 

Get SALT Encoding   

  12  0:00  SCV  
  13  0:12  SCV  
  14  0:22  Supply Depot  
  14  0:25  SCV  
  15  0:43  SCV  
  15  0:44  Barracks  
  16  0:50  Refinery  
  16  0:55  SCV  
  17  1:07  SCV  
  18  1:19  SCV  
  19  1:36  Command Center  
  19  1:37  Reaper  
  20  1:43  Orbital Command  
  20  1:57  Supply Depot  
  20  2:08  Marine  
  20  2:09  SCV  
  22  2:21  Factory  
  22  2:22  Barracks  
  22  2:27  Barracks Tech Lab  
  22  2:34  SCV  
  23  2:40  Engineering Bay  
  23  2:46  SCV  
  23  2:49  Orbital Command  
  24  2:58  SCV  
  25  3:17  SCV x2  
  27  3:29  SCV  
  27  3:31  Barracks Reactor  
  27  3:32  Stimpack  
  27  3:34  SCV  
  29  3:41  SCV  
  29  3:45  Command Center  
  29  3:46  SCV  
  31  3:49  Missile Turret  
  31  3:51  Factory Tech Lab  
  31  3:56  Marauder  
  33  4:07  SCV x2  
  35  4:12  Missile Turret  
  35  4:14  Cyclone  
  35  4:15  Refinery, Marine x2  
  40  4:19  SCV x2, Barracks  
  42  4:31  SCV  
  42  4:33  Marine  
  41  5:14  Cyclone  
  41  5:16  Combat Shield  
  41  5:17  Marine x2  
  41  5:18  Marine  
  41  5:19  Marine  
  48  5:27  Orbital Command  
  47  5:29  Missile Turret  
  47  5:35  Marine x2  
  47  5:36  Marine x2  
  49  5:46  Cyclone  
  52  5:53  Marine x2  
  52  5:54  Marine x2  
  56  6:02  SCV x2  
  56  6:03  SCV  
  59  6:10  Marine  
  59  6:11  Marine  
  61  6:12  Barracks Reactor  
  61  6:18  Refinery  
  61  6:21  Supply Depot  
  61  6:22  Supply Depot  
  61  6:23  Starport  
  61  6:24  Supply Depot  
  61  6:28  Barracks  
  61  6:29  Barracks  
  61  6:43  SCV x3  
  61  6:46  Supply Depot  
  64  6:48  Supply Depot x2  
  64  6:55  SCV x3, Command Center  
  64  6:57  Mag-Field Accelerator  
  64  6:59  Marine x5  
  72  7:02  Starport Reactor, Missile Turret  
  72  7:07  SCV x3  
  75  7:10  Refinery  
  75  7:13  Concussive Shells  
  75  7:17  Marine x4  
  79  7:23  Missile Turret  
  79  7:25  Sensor Tower  
  79  7:26  SCV  
  79  7:27  SCV x2  
  82  7:36  Starport  
  82  7:37  Barracks Tech Lab  
  82  7:39  SCV x3  
  82  7:41  Barracks Reactor  
  85  7:45  Marine  
  85  7:46  Marine x4  
  85  7:51  SCV x2  
  92  7:53  Viking  
  92  7:54  Supply Depot  
  92  7:55  Supply Depot x2  
  92  7:56  Supply Depot  
  94  8:03  Marine  
  94  8:04  Marine x4  
  94  8:05  Refinery  
  99  8:06  Refinery  
  99  8:09  Orbital Command  
  99  8:12  SCV x2, Missile Turret  
  101  8:13  SCV  
  101  8:16  Viking  
  101  8:19  Supply Depot  
  104  8:20  Supply Depot  
  104  8:21  Marine x2  
  104  8:23  Viking  
  104  8:24  SCV  
  104  8:25  SCV x2  
  104  8:26  Starport Tech Lab  
  111  8:29  Marauder, Marine x2  
  111  8:30  Marauder, Marine x2  
  119  8:37  SCV  
  119  8:39  Marine x2  
  122  8:43  SCV x3  
  122  8:46  Refinery, Viking  
  127  8:49  SCV  
  127  8:50  Refinery  
  127  8:51  Marauder x2  
  127  8:55  SCV x3  
  135  8:56  Marine x4  
  135  9:01  SCV, Command Center  
  140  9:07  SCV x3  
  143  9:11  Viking x2  
  143  9:12  Marauder x2  
  143  9:16  Viking  
  153  9:21  Cyclone  
  156  9:32  Starport  
  156  9:34  Marauder  
  156  9:38  Armory  
  158  9:40  Terran Infantry Weapons Level 1  
  158  9:41  Viking x2  
  162  9:49  Armory  
  162  9:53  SCV x4, Engineering Bay  
  166  10:05  SCV x3  
  169  10:11  Marauder, Marine  
  169  10:12  Marine x4  
  169  10:13  Marauder  
  178  10:29  Thor  
  178  10:32  Marine  
  178  10:33  Marauder  
  187  10:42  Supply Depot x3  
  187  10:44  Supply Depot  
  187  10:45  Supply Depot  
  187  10:51  Marine  
  187  10:52  Marine  
  187  10:54  Marauder, Marine  
  187  10:55  Marine x2  
  187  10:56  Marine  
  182  10:58  Viking x3  
  183  11:06  Supply Depot x2  
  183  11:08  Supply Depot  
  183  11:09  Marine  
  183  11:10  Supply Depot  
  184  11:12  Marine, Thor  
  184  11:25  Marauder, Marine  
  184  11:26  Marauder, Marine x3  
  184  11:28  Viking x3  
  194  11:33  Starport Reactor  
  198  11:47  Marauder x2  
  198  11:58  Medivac  
  200  12:02  Orbital Command  
  200  12:07  Refinery  
  200  12:08  Refinery  
  200  12:17  Command Center  
  177  13:00  Viking x5  
  143  13:23  Marauder x2  
  143  13:24  Marine x2  
  143  13:25  Marine x4  
Show
View Real Time Build Order
Export as new Build Order

qqq Zerg - Winner!

Build Orders: Hatch First 

Get SALT Encoding   

  12  0:00  Drone  
  13  0:13  Drone  
  14  0:22  Overlord  
  14  0:44  Hatchery  
  13  0:50  Drone  
  13  0:54  Drone  
  13  0:57  Drone  
  16  1:10  Drone  
  17  1:23  Spawning Pool  
  16  1:26  Extractor  
  16  1:27  Drone  
  16  1:32  Drone  
  17  1:38  Drone  
  18  1:46  Drone  
  19  1:57  Drone  
  19  1:59  Drone  
  21  2:09  Queen  
  21  2:11  Queen  
  21  2:13  Drone  
  26  2:17  Drone  
  26  2:22  Overlord  
  27  2:26  Drone  
  28  2:32  Metabolic Boost  
  28  2:39  Extractor  
  28  2:40  Zergling x2  
  28  2:41  Zergling x2  
  29  2:44  Drone  
  29  2:45  Drone  
  31  2:57  Zergling x2  
  32  3:03  Drone  
  32  3:04  Zergling x2  
  34  3:11  Drone  
  35  3:13  Zergling x2  
  36  3:20  Lair  
  36  3:31  Overlord  
  36  3:32  Overlord  
  36  3:38  Extractor  
  36  3:39  Hatchery  
  34  3:45  Drone x2  
  36  3:49  Drone x3  
  39  4:07  Drone x2  
  39  4:08  Overlord  
  41  4:12  Drone  
  43  4:17  Drone x4  
  46  4:25  Extractor  
  46  4:28  Extractor  
  46  4:31  Drone, Spire  
  40  4:54  Spore Crawler  
  40  4:56  Spore Crawler  
  36  5:00  Overseer  
  36  5:07  Spore Crawler  
  36  5:08  Queen  
  36  5:09  Drone x2  
  36  5:10  Drone x3  
  41  5:14  Spore Crawler  
  41  5:17  Drone x4  
  41  5:18  Drone x4  
  41  5:19  Drone x4  
  52  5:25  Spore Crawler  
  51  5:34  Spore Crawler x2  
  48  5:42  Corruptor x2  
  48  5:45  Drone  
  48  5:46  Drone  
  54  5:56  Corruptor  
  56  6:01  Spore Crawler, Corruptor  
  55  6:08  Drone x5  
  55  6:09  Drone  
  58  6:15  Corruptor  
  60  6:19  Drone  
  60  6:20  Drone  
  60  6:21  Drone  
  63  6:29  Overlord x2  
  60  6:48  Hatchery, Drone x3  
  60  6:49  Mutalisk  
  60  6:50  Mutalisk  
  66  7:03  Zerg Flyer Weapons Level 1  
  66  7:04  Mutalisk  
  68  7:23  Pneumatized Carapace  
  68  7:32  Hatchery  
  68  7:36  Overlord x2  
  67  7:51  Hatchery  
  67  7:52  Mutalisk  
  67  7:54  Hatchery  
  67  7:56  Overlord x2  
  67  7:57  Mutalisk x2, Infestation Pit  
  70  8:00  Mutalisk  
  72  8:11  Queen  
  74  8:15  Mutalisk, Corruptor  
  74  8:18  Mutalisk  
  80  8:36  Mutalisk, Corruptor  
  80  8:37  Mutalisk x2  
  80  8:38  Mutalisk  
  90  8:48  Hive  
  90  8:50  Drone  
  91  8:57  Corruptor  
  91  8:58  Mutalisk  
  91  9:02  Overseer  
  95  9:09  Corruptor  
  97  9:15  Drone x3  
  97  9:16  Drone x2  
  102  9:21  Spore Crawler  
  102  9:23  Spore Crawler  
  100  9:25  Drone  
  100  9:26  Drone x2  
  103  9:32  Zerg Flyer Armor Level 1  
  103  9:39  Spire  
  103  9:40  Drone x2  
  103  9:41  Drone  
  105  9:51  Drone x5  
  105  9:52  Corruptor  
  112  9:54  Corruptor  
  114  10:00  Drone x3  
  114  10:06  Overlord x3  
  117  10:13  Drone  
  114  10:29  Viper  
  114  10:30  Viper  
  114  10:32  Drone x3  
  114  10:33  Drone x5  
  114  10:35  Extractor  
  127  10:36  Extractor  
  127  10:37  Spore Crawler  
  121  10:53  Corruptor  
  121  10:54  Corruptor  
  121  11:13  Mutalisk x2  
  121  11:14  Mutalisk  
  121  11:15  Overlord x4  
  121  11:16  Drone x3  
  121  11:17  Drone x6  
  136  11:19  Extractor x2  
  136  11:21  Extractor, Spore Crawler  
  136  11:22  Extractor  
  136  11:24  Spine Crawler, Spore Crawler  
  129  11:40  Overlord x3  
  129  11:41  Drone, Overlord  
  129  11:42  Drone x5  
  135  11:50  Hatchery  
  135  11:51  Mutalisk x2  
  138  12:22  Corruptor  
  138  12:23  Corruptor x2  
  130  12:47  Mutalisk x6  
  130  12:48  Drone  
  130  12:49  Drone x7  
  130  12:50  Drone  
  149  13:21  Viper  
  149  13:25  Mutalisk  
  149  13:26  Mutalisk x5  
Tags
 
Add a new tag
Caveats
  • Supply blocks, unpowered buildings, or Contaminate may cause inaccurate times.
  • Supply counts are checked every 10 seconds.